 Dungeon Crawl Stone Soup version 0.26-a0-661-g406de6ba63 (webtiles) character file.

Game seed: 7238122586176677841

11 grandjackal the Ducker (level 2, 16/18 HPs)
             Began as a Kobold Gladiator on Oct 8, 2020.
             Quit the game on level 1 of the Dungeon.
             The game lasted 00:00:31 (290 turns).

grandjackal the Ducker (Kobold Gladiator)            Turns: 290, Time: 00:00:32

Health: 16/18      AC:  5    Str: 11    XL:     2   Next: 40%
Magic:  2/2        EV: 16    Int:  9    God:
Gold:   30         SH:  0    Dex: 16    Spells: 1/1 levels left

rFire    . . .     SeeInvis .   a - +0 long sword
rCold    . . .     Faith    .   (shield restricted)
rNeg     . . .     Spirit   .   b - +0 leather armour
rPois    .         Reflect  .   c - +0 helmet
rElec    .         Harm     .   (no cloak)
rCorr    .         Rampage  .   (no gloves)
MR       .....                  g - +0 pair of boots
Stlth    ++........             (no amulet)
HPRegen  0.06/turn              (no ring)
MPRegen  0.08/turn              (no ring)

@: no status effects
A: small, nightstalker 3
a: no special abilities


You were on level 1 of the Dungeon.
You visited 1 branch of the dungeon, and saw 1 of its levels.

You collected 30 gold pieces.

Inventory:

Hand Weapons
 a - a +0 long sword (weapon)
Missiles
 d - 3 throwing nets (quivered)
Armour
 b - a +0 leather armour (worn)
 c - a +0 helmet (worn)
 g - a +0 pair of boots (worn)
Scrolls
 e - a scroll of random uselessness {unknown}
Potions
 f - a potion of ambrosia {unknown}


   Skills:
 + Level 2.5 Fighting
 + Level 2.6 Long Blades
 - Level 2.1 Throwing
 + Level 3.9 Dodging


You had one spell level left.
You didn't know any spells.
Your spell library was empty.

Dungeon Overview and Level Annotations

Branches:
Dungeon (1/15)

Altars:


Innate Abilities, Weirdness & Mutations

You are small and have problems with some larger weapons.
You are completely attuned to the shadows.


Message History

A frilled lizard comes into view.
A frilled lizard is nearby!
You closely miss the frilled lizard. The frilled lizard barely misses you.
The frilled lizard misses you.
You closely miss the frilled lizard. The frilled lizard barely misses you.
You barely miss the frilled lizard. The frilled lizard barely misses you.
You riposte.
You miss the frilled lizard. You closely miss the frilled lizard.
The frilled lizard barely misses you.
You riposte.
You hit the frilled lizard but do no damage.
You miss the frilled lizard. The frilled lizard misses you.
The frilled lizard bites you.
You miss the frilled lizard.
The frilled lizard bites you but does no damage.
You hit the frilled lizard.
The frilled lizard is heavily wounded.
The frilled lizard closely misses you.
You riposte.
You miss the frilled lizard.
The frilled lizard is heavily wounded.
Are you sure you want to abandon this character and quit the game? (Confirm with "yes".)

###.####.....
#.....##.....
#####.#.#.##.....
........#.##.....
######......#.####
#...........#.#
#.####.....##.#
#.# #........# #@#
#.....#### #.l.#
#.....# #####
#.....# #.....#
#.....# #######


You could see a frilled lizard.

Vanquished Creatures
  A dart slug (D:1)
  A giant cockroach (D:1)
  2 hobgoblins (D:1)
  2 goblins (D:1)
  3 kobolds (D:1)
9 creatures vanquished.

Notes
Turn   | Place    | Note
-------+----------+-------------------------------------------
     0 | D:1      | grandjackal the Kobold Gladiator began the quest for the
                  | Orb.
     0 | D:1      | Reached XP level 1. HP: 12/12 MP: 1/1
    72 | D:1      | Reached XP level 2. HP: 18/18 MP: 2/2
   290 | D:1      | Quit the game

Illustrated notes

Levels and vault maps discovered:
D:1:      mrwooster_arrival_statue, layout_basic

Action                   || total
-------------------------++-------
Melee: Long sword        ||    27
 Stab: Sleeping          ||     1
Armor: Leather armour    ||     2
Dodge: Dodged            ||    22
       Rpst.: Long sword ||     6

Table legend: (Time is in decaauts)
 A = Elapsed time spent in this place.
 B = Non-inter-level travel time spent in this place.
 C = Inter-level travel time spent in this place.
 D = Time resting spent in this place.
 E = Time spent auto-exploring this place.
 F = Levels seen in this place.
 G = Mean time per level.
                   A        B        C        D        E       F      G
               +--------+--------+--------+--------+--------+-----+--------+
         Total |    297 |    297 |      0 |      0 |    226 |   1 |  297.0 |
       Dungeon |    297 |    297 |      0 |      0 |    226 |   1 |  297.0 |
               +--------+--------+--------+--------+--------+-----+--------+

Top non-repeatable levels by time:
     D:1: 297 daAuts
